 Dungeon Crawl Stone Soup version 0.21.3-3-g218456f21e (webtiles) character file.

13937 wlmhamsi the Prestidigitator (level 12, 0/86 HPs)
             Began as a Halfling Warper on Jan 12, 2024.
             Was an Elder of Okawaru.
             Slain by a porcupine (13 damage)
             ... on level 9 of the Dungeon on Jan 24, 2024.
             The game lasted 02:13:14 (19430 turns).

wlmhamsi the Prestidigitator (Halfling Warper)     Turns: 19430, Time: 02:13:15

Health: 0/86       AC: 11    Str: 14    XL:     12   Next: 38%
Magic:  19/19      EV: 13    Int: 11    God:    Okawaru [****..]
Gold:   508        SH: 10    Dex: 24    Spells: 14/14 levels left

rFire    + . .     SeeInvis +   a - +3 dagger of Posinoly {pierce, Dex+3}
rCold    + . .     Gourm    .   G - +0 shield
rNeg     + + .     Faith    .   I - +2 robe {rC+ rF+}
rPois    +         Spirit   .   g - +1 helmet "Dadwoxt" {rPois Dex+4}
rElec    .         Reflect  .   (no cloak)
rCorr    .         Harm     .   (no gloves)
MR       .....                  (no boots)
Stlth    ++........             C - macabre finger necklace {rN+}
HPRegen  0.24/turn              x - +5 ring of protection
MPRegen  0.16/turn              z - ring of positive energy
                                H - ring of see invisible

@: no status effects
A: small, mutation resistance 1
a: Heroism, Renounce Religion


You were on level 9 of the Dungeon.
You worshipped Okawaru.
Okawaru was greatly pleased with you.
You were not hungry.

You visited 3 branches of the dungeon, and saw 13 of its levels.
You also visited: Sewer.

You collected 508 gold pieces.

Inventory:

Hand Weapons
 a - the +3 dagger of Posinoly (weapon) {pierce, Dex+3}
   (You found it on level 9 of the Dungeon)

   It inflicts extra damage upon your enemies.
   It affects your dexterity (+3).
 b - a +0 hunting sling
Missiles
 p - 248 stones
 D - 144 sling bullets
 K - 10 tomahawks (quivered)
Armour
 g - the +1 helmet "Dadwoxt" (worn) {rPois Dex+4}
   (You found it on level 6 of the Dungeon)

   It affects your dexterity (+4).
   It protects you from poison.
 G - a +0 shield (worn)
 I - a +2 robe of resistance (worn)
Jewellery
 x - a +5 ring of protection (left hand)
 z - a ring of positive energy (right hand)
 B - an uncursed ring of resist corrosion
 C - the macabre finger necklace (around neck) {rN+}
   (You found it on level 5 of the Dungeon)

   [amulet of nothing]

   It protects you from negative energy.
 H - a ring of see invisible (on amulet)
Wands
 j - a wand of iceblast (15)
 l - a wand of enslavement (6)
 E - a wand of acid (6)
 O - a wand of paralysis (13)
 W - a wand of disintegration (11)
Scrolls
 d - 2 scrolls of blinking
 e - a scroll of remove curse
 u - a scroll of magic mapping
 A - 3 scrolls of fear
Potions
 h - a potion of might {unknown}
 k - 2 potions of agility
 o - 4 potions of curing
 q - 2 potions of haste
 t - 4 potions of flight
Comestibles
 c - 6 chunks of flesh
 f - 16 rations


   Skills:
 * Level 9.5 Fighting
 - Level 10.0 Short Blades
 - Level 10.0(10.7) Slings
 - Level 4.1(6.1) Throwing
 - Level 1.1 Armour
 - Level 2.1 Dodging
 - Level 3.4 Shields
 - Level 1.5 Spellcasting
   Level 3.2 Translocations
 + Level 3.6 Invocations
 * Level 10.5 Evocations


You had 14 spell levels left.
You didn't know any spells.

Dungeon Overview and Level Annotations

Branches:
Dungeon (11/15)            Temple (1/1) D:6            Lair (1/6) D:9
    Orc: D:9-12

Altars:
Ashenzari
Cheibriados
Dithmenos
Elyvilon
Fedhas
Gozag
Hepliaklqana
Kikubaaqudgha
Makhleb
Nemelex Xobeh
Okawaru
Qazlal
Ru
Sif Muna
Trog
Uskayaw
Vehumet
Wu Jian
Xom
Yredelemnul

Shops:
D:4 :


Innate Abilities, Weirdness & Mutations

You are small and have problems with some larger weapons.
You are somewhat resistant to further mutation.


Message History

The porcupine is moderately wounded.
You are struck by the porcupine's spines.
You hit the porcupine.
The porcupine is heavily wounded.
You block the porcupine's attack.
You closely miss the porcupine.
The porcupine is heavily wounded.
You block the porcupine's attack.
You barely miss the porcupine.
The porcupine is heavily wounded.
The porcupine bites you.
You are struck by the porcupine's spines.
You closely miss the porcupine.
The porcupine is heavily wounded.
You are struck by the porcupine's spines.
* * * LOW HITPOINT WARNING * * *
You hit the porcupine.
The porcupine is almost dead.
The porcupine bites you!
You die...

.###..<......####
.# ####.........#
.# #.........##
.# #.####.....###
.#
#.##...P..PP.##
.#
#.#......PP..P#
##
#......P.PPPPP#
#....PPPP....P#
##...PPPP.@rPP#


##PPPPPP...PP# ##PPPPPPPPP## ########### You could see a porcupine.

Vanquished Creatures
  Snorg (D:11)
  The ghost of wlmhamsi the Basher, a novice TrCK of Xom (D:10)
  2 two-headed ogres
  Pikel (D:5)
  The ghost of BrokenGlass the Skirmisher, a novice OpMo of Ru (D:6)
  An ugly thing (D:11)
  A spiny frog (Lair:1)
  A troll (D:9)
  A hornet (D:10)
  2 hippogriffs
  Sigmund (D:5)
  2 wyverns
  A spriggan (D:8)
  12 yaks
  Eustachio (D:5)
  A basilisk (D:9)
  2 soldier ants (D:10)
  4 water moccasins
  Duvessa (D:6)
  3 slaves (D:4)
  4 ice beasts
  A phantom (D:10)
  2 sky beasts
  3 black bears
  2 orc warriors
  An eye of draining (D:10)
  An ogre (D:9)
  3 centaurs
  4 crocodiles (Lair:1)
  The ghost of BrokenGlass the Magician, an amateur OpWn of Ashenzari (D:3)
  5 big kobolds
  6 bullfrogs
  2 scorpions
  Dowan (D:6)
  4 killer bees (D:7)
  7 howler monkeys
  6 wights
  6 crimson imps
  2 centaur zombies
  A centaur skeleton (D:10)
  7 orc priests
  3 jellies
  A gnoll shaman (D:5)
  3 hounds
  14 orc wizards
  2 bullfrog skeletons (D:9)
  7 worker ants
  A killer bee zombie (D:8)
  A hound zombie (D:7)
  A howler monkey zombie (D:7)
  3 gnolls (D:6)
  2 river rats (Sewer)
  17 adders
  2 shadow imps
  An ooze (Sewer)
  An adder skeleton (D:4)
  9 worms
  A dart slug (D:5)
  13 leopard geckos
  33 orcs
  7 ball pythons
  3 giant cockroaches
  12 goblins
  8 hobgoblins
  2 jackals (D:4)
  17 kobolds
  4 quokkas
  9 bats
  5 frilled lizards
  A leopard gecko skeleton (D:4)
  A quokka skeleton (D:7)
  14 rats
307 creatures vanquished.

Vanquished Creatures (collateral kills)
  2 killer bees (D:10)
2 creatures vanquished.

Vanquished Creatures (others)
  2 killer bees (D:10)
  A crimson imp (D:5)
  3 plants
6 creatures vanquished.

Grand Total: 315 creatures vanquished

Notes
Turn   | Place    | Note
-------+----------+-------------------------------------------
     0 | D:1      | wlmhamsi the Halfling Warper began the quest for the Orb.
     0 | D:1      | Reached XP level 1. HP: 14/14 MP: 3/3
   246 | D:1      | Reached XP level 2. HP: 19/19 MP: 4/4
   673 | D:1      | Reached XP level 3. HP: 23/24 MP: 5/5
  1403 | D:2      | Reached XP level 4. HP: 28/30 MP: 6/6
  1526 | D:2      | Found a white marble altar of Elyvilon.
  2699 | D:3      | Found a glowing drain.
  2733 | D:3      | Reached XP level 5. HP: 14/35 MP: 7/7
  2748 | D:3      | Noticed BrokenGlass's ghost (amateur OpWn)
  2750 | Sewer    | Entered a sewer
  3523 | Sewer    | Noticed a big kobold
  3572 | Sewer    | Killed a big kobold
  3572 | Sewer    | Reached XP level 6. HP: 30/42 MP: 8/8
  4026 | Sewer    | Reached skill level 5 in Short Blades
  4138 | Sewer    | Reached XP level 7. HP: 41/46 MP: 9/9
  4197 | D:3      | Found a shimmering altar of Xom.
  4209 | D:3      | Killed BrokenGlass's ghost
  4212 | D:3      | Found a shimmering altar of Xom.
  4212 | D:3      | Found a shimmering altar of Xom.
  4212 | D:3      | Found a shimmering altar of Xom.
  4213 | D:3      | Found a shimmering altar of Xom.
  4213 | D:3      | Found a shimmering altar of Xom.
  4214 | D:3      | Found a shimmering altar of Xom.
  4493 | D:3      | Found a shattered altar of Ashenzari.
  5342 | D:4      | Reached skill level 1 in Evocations
  5868 | D:4      | Found Ezeh's Book Emporium.
  6352 | D:4      | Reached XP level 8. HP: 51/54 MP: 10/10
  6756 | D:5      | Entered Level 5 of the Dungeon
  6948 | D:5      | Got a twisted falchion
  7633 | D:5      | Noticed Sigmund
  7644 | D:5      | Killed Sigmund
  8068 | D:5      | Reached skill level 1 in Slings
  8107 | D:5      | Noticed Pikel
  8143 | D:5      | Killed Pikel
  8143 | D:5      | Reached skill level 5 in Fighting
  8143 | D:5      | Reached skill level 5 in Evocations
  8143 | D:5      | Reached XP level 9. HP: 48/61 MP: 11/13
  8545 | D:5      | Noticed Eustachio
  8547 | D:5      | Killed Eustachio
  8644 | D:5      | Found the macabre finger necklace {rN+}
  8721 | D:5      | Identified the cursed +3 falchion of Action {freeze, rPois} (You found it on level 5 of the Dungeon)
  8749 | D:5      | Reached skill level 5 in Slings
  8917 | D:6      | Found a radiant altar of Vehumet.
  8925 | D:6      | Found an ancient bone altar of Kikubaaqudgha.
  8946 | D:6      | Found a burning altar of Makhleb.
  8992 | D:6      | Got an ancient helmet
  9060 | D:6      | Noticed Dowan
  9092 | D:6      | Noticed Duvessa
  9100 | D:6      | Killed Dowan
  9102 | D:6      | Killed Duvessa
  9102 | D:6      | Reached skill level 1 in Shields
  9172 | D:6      | Noticed BrokenGlass's ghost (novice OpMo)
  9682 | D:6      | Got a twisted arbalest
  9928 | D:7      | Identified the +1 helmet "Dadwoxt" {rPois Dex+4} (You found it on level 6 of the Dungeon)
 10035 | D:7      | Found a hide-covered altar of Uskayaw.
 10268 | D:7      | Reached XP level 10. HP: 69/69 MP: 14/14
 12535 | D:9      | Noticed a two-headed ogre
 12540 | D:8      | Reached skill level 10 in Slings
 12679 | D:9      | Got a faintly glowing dagger
 12732 | D:9      | Found a blossoming altar of Fedhas.
 12733 | D:9      | Found an ornate altar of the Wu Jian Council.
 12733 | D:9      | Found a stormy altar of Qazlal.
 12733 | D:9      | Found a sacrificial altar of Ru.
 12794 | D:9      | Found a hazy altar of Hepliaklqana.
 12796 | D:9      | Found a sparkling altar of Nemelex Xobeh.
 13009 | D:6      | Found a staircase to the Ecumenical Temple.
 13016 | Temple   | Entered the Ecumenical Temple
 13040 | Temple   | Became a worshipper of Warmaster Okawaru
 13107 | D:6      | Killed BrokenGlass's ghost
 13197 | D:9      | Noticed a two-headed ogre
 13321 | D:8      | Killed a two-headed ogre
 13321 | D:8      | Reached * piety under Okawaru
 13321 | D:8      | Reached XP level 11. HP: 64/75 MP: 14/16
 13478 | D:9      | Reached ** piety under Okawaru
 13501 | D:9      | Identified the cursed +3 dagger of Posinoly {pierce, Dex+3} (You found it on level 9 of the Dungeon)
 13954 | D:10     | Entered Level 10 of the Dungeon
 13985 | D:10     | Noticed wlmhamsi's ghost (novice TrCK)
 14659 | D:10     | Found a hide-covered altar of Uskayaw.
 14809 | D:10     | Reached *** piety under Okawaru
 15178 | D:10     | Noticed a two-headed ogre
 15191 | D:10     | Killed a two-headed ogre
 15191 | D:10     | Reached skill level 10 in Short Blades
 15197 | D:10     | Killed wlmhamsi's ghost
 15367 | D:10     | HP: 2/78 [yak (13)]
 15837 | D:10     | Reached skill level 1 in Invocations
 16355 | D:10     | Reached **** piety under Okawaru
 16852 | D:11     | Noticed a two-headed ogre
 17339 | D:11     | Reached XP level 12. HP: 84/84 MP: 19/19
 17514 | D:11     | Noticed Snorg
 17517 | D:11     | Killed Snorg
 17517 | D:11     | Reached skill level 10 in Evocations
 17688 | D:11     | Found a shadowy altar of Dithmenos.
 17781 | D:11     | Noticed a skeletal warrior
 17854 | D:9      | Found a staircase to the Lair.
 17871 | Lair:1   | Entered Level 1 of the Lair of Beasts
 17900 | D:9      | Received a gift from Okawaru
 18211 | Lair:1   | Got a faintly glowing hand axe
 18831 | Lair:1   | Received a gift from Okawaru
 19430 | D:9      | Slain by a porcupine

Skill      XL: |  1  2  3  4  5  6  7  8  9 10 11 12 |
---------------+-------------------------------------+-----
Fighting       | 2 3 4 5 6 7 8 9 |  9.5
Short Blades   | 3 4 5 6 8 10 | 10.0
Throwing       | 2 3 4 |  4.1
Evocations     | 2 5 6 7 9 10 | 10.5
Slings         | 3 7 10 | 10.0
Shields        | 2 3 |  3.4
Invocations    | 1 3 |  3.6
Armour         | |  1.1
Dodging        | |  2.1
Spellcasting   | |  1.5
Translocations | |  3.2

Action                   |  1- 3 |  4- 6 |  7- 9 | 10-12 || total
-------------------------+-------+-------+-------+-------++-------
Melee: Short sword       |   154 |   260 |   178 |       ||   592
       Long sword        |       |       |   176 |       ||   176
       War axe           |       |       |    24 |       ||    24
       Falchion          |       |       |    51 |   260 ||   311
       Rapier            |       |       |     8 |       ||     8
       Dagger            |       |       |       |   685 ||   685
 Fire: Hunting sling     |       |       |    35 |    77 ||   112
Throw: Stone             |    12 |   127 |    30 |     2 ||   171
       Tomahawk          |       |     2 |    57 |   138 ||   197
Invok: Heroism           |       |       |       |     2 ||     2
Evoke: Wand              |       |       |    15 |    16 ||    31
  Use: Scroll            |       |     3 |     8 |     5 ||    16
       Potion            |       |     2 |     2 |     4 ||     8
 Stab: Paralysed         |       |       |    22 |       ||    22
       Distracted        |       |       |       |     1 ||     1
  Eat: Chunk             |     2 |     5 |    17 |    23 ||    47
       Ration            |       |     1 |     1 |     2 ||     4
Armor: Scale mail        |    52 |    81 |   108 |       ||   241
       Robe              |       |       |    28 |   155 ||   183
Dodge: Dodged            |    82 |    95 |   168 |   279 ||   624
Block: Shield            |       |       |   107 |   319 ||   426
       Rpst.: Long sword |       |       |    16 |       ||    16
       Falchion          |       |       |     8 |    32 ||    40
